 Dungeon Crawl Stone Soup version 0.20.0-7-g3b7b877 (webtiles) character file.

10373 Jannitor the Slicer (level 11, -12/109 HPs)
             Began as a Kobold Berserker on May 29, 2017.
             Was an Elder of Trog.
             Mangled by Snorg (16 damage)
             ... on level 11 of the Dungeon.
             The game lasted 00:29:01 (13000 turns).

Jannitor the Slicer (Kobold Berserker)             Turns: 13000, Time: 00:29:02

Health: -12/109    AC:  5    Str: 25    XL:     11   Next: 91%
Magic:  13/13      EV: 20    Int:  9    God:    Trog [****..]
Gold:   581        SH:  6    Dex: 17    Spells: 10/10 levels left

rFire    . . .     SeeInvis .   a - +0 dagger (venom)
rCold    . . .     Gourm    .   (shield restricted)
rNeg     + . .     Faith    .   E - +1 leather armour {rN+}
rPois    .         Spirit   .   (no helmet)
rElec    .         Reflect  +   Q - +0 cloak {+Inv}
rCorr    .         Harm     .   (no gloves)
MR       .....                  (no boots)
Stlth    ..........             F - +6 amulet of reflection
Regen    0.3/turn               V - +5 ring of strength
MPRegen  0.2/turn               P - ring of flight

@: berserking (expiring), lethally poisoned (-12 -> -16), very quick
A: carnivore 3
a: Berserk, Trog's Hand, Brothers in Arms, Burn Spellbooks, Renounce Religion,
Evoke Invisibility, Evoke Flight


You were on level 11 of the Dungeon.
You worshipped Trog.
Trog was greatly pleased with you.
You were very full.

You visited 2 branches of the dungeon, and saw 12 of its levels.
You also visited: Sewer.

You collected 581 gold pieces.

Inventory:

Hand Weapons
 a - a +0 dagger of venom (weapon)
 b - a +0 hand crossbow
 y - a +0 short sword
Missiles
 i - 88 bolts
 w - 33 poisoned needles
 z - a throwing net (quivered)
Armour
 E - a +1 leather armour of positive energy (worn)
 K - a +0 robe of magic resistance
 Q - a +0 cloak of invisibility (worn)
Jewellery
 q - an uncursed amulet of rage
 F - a +6 amulet of reflection (around neck)
 P - a ring of flight (right hand)
 U - an uncursed ring of ice
 V - a +5 ring of strength (left hand)
Wands
 n - a wand of iceblast (2/15)
 A - a wand of acid (7/15)
 B - a wand of disintegration (12/24)
 I - a wand of random effects (31/48)
 L - a wand of paralysis (12/24)
 N - a wand of polymorph (7/24)
 O - a wand of polymorph (10/24)
 R - a wand of confusion (27/48)
Scrolls
 d - 2 scrolls of fog
 e - a scroll of enchant weapon {unknown}
 g - 3 scrolls of fear
 j - a scroll of teleportation
 l - 13 scrolls of identify
 p - 3 scrolls of amnesia
 r - a scroll of recharging {unknown}
 v - 4 scrolls of remove curse
 C - a scroll of blinking {unknown}
 D - a scroll of summoning {unknown}
 J - a scroll of immolation {unknown}
 M - 3 scrolls of enchant armour {unknown}
 T - a scroll of vulnerability {unknown}
Potions
 f - 3 potions of lignification {unknown}
 h - a potion of ambrosia {unknown}
 m - a potion of invisibility {unknown}
 o - 3 potions of curing {unknown}
 s - 2 potions of heal wounds {unknown}
 t - 5 potions of mutation {unknown}
 u - 4 potions of magic {unknown}
 x - a potion of haste {unknown}
 G - 5 potions of resistance {unknown}
 H - 3 potions of might {unknown}
 S - a potion of berserk rage {unknown}
Miscellaneous
 W - a lightning rod (4/4)
Comestibles
 c - 5 meat rations
 k - 5 royal jellies
 X - a chunk of flesh


   Skills:
 + Level 10.5 Fighting
 - Level 12.2 Short Blades
 + Level 4.7 Crossbows
 - Level 3.4 Armour
 + Level 8.1 Dodging
 - Level 12.1 Stealth
 + Level 3.1 Evocations


You had 10 spell levels left.
You didn't know any spells.

Dungeon Overview and Level Annotations

Branches:
Dungeon (11/15)            Temple (1/1) D:7
   Lair: D:8-11         Orc: D:9-12

Altars:
Ashenzari
Cheibriados
Dithmenos
Elyvilon
Fedhas
Gozag
Hepliaklqana
Kikubaaqudgha
Makhleb
Nemelex Xobeh
Okawaru
Qazlal
Ru
Sif Muna
Trog
Uskayaw
Vehumet
Xom
Yredelemnul
Zin
The Shining One

Shops:
D:4 [(:

Annotations:
D:11 Snorg


Innate Abilities, Weirdness & Mutations

You are small and have problems with some larger weapons.
You are carnivorous and can eat meat at any time.


Message History

The orc wizard hits you but does no damage.
You are more poisoned.
Your ogre barely misses Snorg.
You closely miss Snorg.
Snorg is almost dead.
You block Snorg's attack. Snorg claws you!
* * * LOW HITPOINT WARNING * * *
Snorg closely misses you.
Unknown command.
You hit Snorg.
Snorg looks as sick as possible!
Snorg is almost dead.
The orc wizard barely misses you. The orc wizard casts a spell at you.
The magic dart hits you!
* * * LOW HITPOINT WARNING * * *
Unknown command.
You hit Snorg.
Snorg is almost dead.
You block Snorg's attack. Snorg closely misses you. Snorg claws you!
You die...

# #.......# .# #
#....o..# .# #
#.......# .# . #
.......# .####..
#
......##.......
# #...##...... #
#.O)o...# #...#
#.T@....# #...#
#.......# ..#
#.... #..##...#
#..# #.... #..
#...# #..# #...#
#.. #...# #..#
#..[# #..
#..$###..# #...#
#.. #........#
#...# #..
#........# #...#
#........###...#


You could see Snorg (berserk), 2 orc wizards and a friendly ogre (berserk).

Vanquished Creatures
  3 two-headed ogres
  Pikel (D:8)
  Maurice (D:9)
  Grinder (D:6)
  3 hippogriffs
  A wraith (D:8)
  7 yaks
  The ghost of Rrauwl the Poker, an amateur MfWr (D:3)
  A soldier ant (D:10)
  An orc warrior (D:9)
  4 ice beasts
  A black bear (D:6)
  7 ogres
  4 phantoms
  6 centaurs
  A gnoll sergeant (D:9)
  4 bullfrogs
  A wyvern skeleton (D:9)
  2 scorpions
  A water moccasin skeleton (D:9)
  5 wights (D:7)
  9 killer bees
  5 howler monkeys
  5 crimson imps
  A centaur zombie (D:7)
  A bullfrog zombie (D:9)
  A jelly (D:7)
  5 hounds
  3 orc priests
  3 bullfrog skeletons
  9 orc wizards
  A centaur skeleton (D:11)
  Jessica (D:2)
  3 worker ants
  2 hound skeletons
  A howler monkey zombie (D:9)
  A worker ant zombie (D:5)
  Robin (D:2)
  2 gnolls (D:9)
  12 adders
  2 shadow imps
  2 oozes
  An adder skeleton (D:4)
  An adder zombie (D:8)
  4 worms
  7 leopard geckos
  19 orcs
  8 bats
  17 giant cockroaches
  12 goblins
  12 hobgoblins
  7 jackals
  6 kobolds
  6 quokkas
  3 ball pythons
  A ball python skeleton (D:4)
  7 frilled lizards
  A jackal zombie (D:5)
  A leopard gecko skeleton (D:9)
  2 leopard gecko zombies
  A quokka skeleton (D:6)
  A quokka zombie (D:9)
  6 rats
249 creatures vanquished.

Vanquished Creatures (collateral kills)
  Erolcha (D:9)
  Fannar (D:10)
  An orc warrior (D:10)
  An orc wizard (D:10)
  2 gnolls (D:9)
  An adder skeleton (D:10)
  2 orcs (D:11)
9 creatures vanquished.

Vanquished Creatures (others)
  3 slaves (D:8)
  A bullfrog (D:8)
  A howler monkey (D:8)
  A crimson imp (D:8)
  A centaur zombie (D:8)
  A hound (D:10)
  A jackal (D:8)
  A quokka (D:8)
10 creatures vanquished.

Grand Total: 268 creatures vanquished

Notes
Turn   | Place    | Note
-------+----------+-------------------------------------------
     0 | D:1      | Jannitor the Kobold Berserker began the quest for the Orb.
     0 | D:1      | Reached XP level 1. HP: 14/14 MP: 1/1
   148 | D:1      | Reached skill level 1 in Stealth
   149 | D:1      | Reached XP level 2. HP: 8/19 MP: 2/2
   848 | D:1      | Reached XP level 3. HP: 21/23 MP: 3/3
  1418 | D:2      | Noticed Jessica
  1432 | D:2      | Killed Jessica
  1432 | D:2      | Reached XP level 4. HP: 29/29 MP: 4/4
  1480 | D:2      | Reached ** piety under Trog
  1695 | D:2      | Reached skill level 5 in Short Blades
  1719 | D:2      | Noticed Robin
  1790 | D:2      | Killed Robin
  1790 | D:2      | Reached XP level 5. HP: 20/34 MP: 5/5
  2561 | D:3      | Noticed Rrauwl's ghost (amateur MfWr)
  2575 | D:3      | Killed Rrauwl's ghost
  2575 | D:3      | Reached skill level 5 in Fighting
  2575 | D:3      | Reached XP level 6. HP: 37/40 MP: 6/6
  2965 | D:3      | Found a stormy altar of Qazlal.
  3113 | D:4      | Found a blossoming altar of Fedhas.
  3125 | D:4      | HP: 3/60 [centaur (7)]
  3127 | D:4      | Reached skill level 5 in Stealth
  3525 | D:4      | Reached XP level 7. HP: 44/44 MP: 7/7
  3547 | D:4      | Found Soobagiene's Antique Weapon Shoppe.
  3710 | D:4      | Found Geugid's Armour Boutique.
  3791 | D:4      | Reached *** piety under Trog
  4029 | D:4      | Reached XP level 8. HP: 36/51 MP: 8/8
  4265 | D:4      | Found Joaducku's Book Shop.
  4299 | D:5      | Entered Level 5 of the Dungeon
  5009 | D:5      | Found a glowing silver altar of Zin.
  5012 | D:5      | Found a basalt altar of Yredelemnul.
  5015 | D:5      | Found a snail-covered altar of Cheibriados.
  5270 | D:6      | Reached XP level 9. HP: 46/57 MP: 9/9
  5374 | D:6      | Found a radiant altar of Vehumet.
  5384 | D:6      | Reached **** piety under Trog
  5436 | D:6      | Found a glowing drain.
  5519 | Sewer    | Entered a sewer
  6004 | D:6      | Noticed Grinder
  6018 | D:6      | Killed Grinder
  7088 | D:7      | Found a radiant altar of Vehumet.
  7088 | D:7      | Found a sparkling altar of Nemelex Xobeh.
  7088 | D:7      | Found a sacrificial altar of Ru.
  7089 | D:7      | Found a shimmering altar of Xom.
  7089 | D:7      | Found a stormy altar of Qazlal.
  7089 | D:7      | Found a shattered altar of Ashenzari.
  7094 | D:7      | Found a blossoming altar of Fedhas.
  7094 | D:7      | Found a hazy altar of Hepliaklqana.
  7094 | D:7      | Found a shadowy altar of Dithmenos.
  7094 | D:7      | Found a basalt altar of Yredelemnul.
  7094 | D:7      | Found a shimmering altar of Xom.
  7094 | D:7      | Found a stormy altar of Qazlal.
  7098 | D:7      | Found a staircase to the Ecumenical Temple.
  7103 | Temple   | Entered the Ecumenical Temple
  7835 | D:8      | Noticed Pikel
  8114 | D:8      | Paralysed by Pikel for 7 turns
  8127 | D:8      | Killed Pikel
  8127 | D:8      | Reached skill level 10 in Short Blades
  8127 | D:8      | Reached skill level 10 in Stealth
  8127 | D:8      | Reached XP level 10. HP: 65/65 MP: 10/10
  9075 | D:8      | Noticed a two-headed ogre
  9091 | D:8      | Killed a two-headed ogre
  9091 | D:8      | Reached skill level 5 in Dodging
  9300 | D:9      | Noticed a two-headed ogre
  9323 | D:9      | Killed a two-headed ogre
  9870 | D:9      | Reached XP level 11. HP: 45/72 MP: 11/11
 10116 | D:9      | Noticed Erolcha
 10128 | D:9      | Killed Erolcha
 10128 | D:9      | Reached skill level 1 in Crossbows
 10300 | D:9      | Reached skill level 10 in Fighting
 10573 | D:9      | Noticed Maurice
 10605 | D:9      | Killed Maurice
 10984 | D:9      | Reached skill level 1 in Evocations
 11749 | D:10     | Entered Level 10 of the Dungeon
 11807 | D:10     | Noticed a two-headed ogre
 11812 | D:10     | Killed a two-headed ogre
 12065 | D:10     | Noticed Fannar
 12082 | D:10     | Received a gift from Trog
 12099 | D:10     | Killed Fannar
 12738 | D:11     | Found a hide-covered altar of Uskayaw.
 12978 | D:11     | Noticed Snorg
 12999 | D:11     | HP: 4/109 [orc wizard/magic dart (3)]
 13000 | D:11     | Mangled by Snorg

Skill      XL: |  1  2  3  4  5  6  7  8  9 10 11 |
---------------+----------------------------------+-----
Stealth        | 1 2 3 4 5 6 8 10 11 12 | 12.1
Fighting       | 4 5 6 7 8 9 10 | 10.5
Short Blades   | 5 6 7 8 10 11 12 | 12.2
Armour         | 2 3 |  3.4
Dodging        | 3 6 8 |  8.1
Crossbows      | 4 |  4.7
Evocations     | 3 |  3.1

Action                   |  1- 3 |  4- 6 |  7- 9 | 10-12 || total
-------------------------+-------+-------+-------+-------++-------
Melee: Short sword       |   100 |   159 |   167 |       ||   426
       Dagger            |       |       |   265 |   637 ||   902
Throw: Throwing net      |       |       |       |     1 ||     1
Invok: Berserk           |     5 |     4 |    13 |    11 ||    33
       Trog's Hand       |       |     1 |     2 |     5 ||     8
       Brothers in Arms  |       |       |       |     3 ||     3
  Use: Scroll            |       |       |     4 |     2 ||     6
 Stab: Sleeping          |     2 |     5 |    21 |    15 ||    43
       Distracted        |       |     2 |       |     3 ||     5
       Held in net/web   |       |       |       |     2 ||     2
  Eat: Chunk             |    14 |    10 |    24 |    33 ||    81
Armor: Animal skin       |    10 |    11 |    10 |       ||    31
       Leather armour    |       |       |    19 |    43 ||    62
Dodge: Dodged            |    69 |   105 |   171 |   251 ||   596
Block: Other             |       |       |    37 |    96 ||   133
       Reflection        |       |       |       |     1 ||     1
